[ AOE2 MATCH · #477487096 ]
UnrankedChinese vs Slavs
Player's team · LOSS
Rival team · WIN
[ REPLAY ANALYSIS · EXTRACTED FROM THE RECORDED GAME ]
Feudal
8:53
Castle
18:29
Imperial
—
| APM avg | 40.2 |
| APM peak | 81 |
| eAPM avg | 17.9 |
| Villagers / military | 102 / 59 |
Focus
⚔️ 35.5% · 🌾 64.5%
Cavalry Archer ×36 · Scout Cavalry ×12 · Knight ×9 · Spearman ×2
Feudal
9:16
Castle
19:17
Imperial
—
| APM avg | 52.9 |
| APM peak | 99 |
| eAPM avg | 36.4 |
| Villagers / military | 145 / 37 |
Focus
⚔️ 33.4% · 🌾 66.6%
Scorpion ×21 · Monk ×9 · Spearman ×4 · Boyar ×3
Match map
Initial resources + every placement click. Lines = walls · curves = elevation contours. ◆ gold · ⬟ stone · ● berries · ✦ relic · ◌ wall gap
Your base· ✓ Closed at 18:29 · 35t walls · 1 gate(s)
davis837's base· ✓ Closed at 19:17 · 70t walls · 1 gate(s)
Smoothed initial terrain · ◌ = detected wall gap · hover for details
Inputs per minute
— Endlessz - - davis837
Build order — Endlessz
First 150 of 281 actions detected
| 0:02 | Research | Loom |
| 0:43 | Create | Villager (Male) |
| 1:09 | Create | Villager (Male) |
| 1:34 | Create | Villager (Male) |
| 1:54 | Create | Villager (Male) |
| 2:17 | Create | Villager (Male) |
| 2:48 | Create | Villager (Male) |
| 3:01 | Build | Lumber Camp |
| 3:13 | Create | Villager (Male) |
| 3:14 | Create | Villager (Male) |
| 3:18 | Build | House |
| 3:46 | Create | Villager (Male) |
| 4:06 | Create | Villager (Male) |
| 4:22 | Create | Villager (Male) |
| 5:10 | Create | Villager (Male) |
| 5:45 | Create | Villager (Male) |
| 6:09 | Create | Villager (Male) |
| 6:16 | Build | Mill |
| 6:30 | Build | House |
| 6:43 | Research | Feudal Age |
| 6:43 | Research | Feudal Age |
| 6:57 | Create | Villager (Male) |
| 7:08 | Build | Palisade Wall |
| 7:09 | Build | Palisade Wall |
| 7:10 | Build | Palisade Wall |
| 7:38 | Build | Barracks |
| 8:16 | Create | Villager (Male) |
| 8:21 | Build | Palisade Wall |
| 8:33 | Build | Palisade Wall |
| 8:46 | Create | Villager (Male) |
| 8:53 | Age | Feudal Age |
| 8:56 | Build | Stable |
| 8:56 | Research | Double-Bit Axe |
| 9:03 | Build | House |
| 9:10 | Create | Villager (Male) |
| 9:12 | Build | Farm |
| 9:31 | Build | Farm |
| 9:39 | Create | Scout Cavalry |
| 9:39 | Create | Scout Cavalry |
| 9:40 | Create | Villager (Male) |
| 9:42 | Build | Farm |
| 9:51 | Create | Spearman |
| 9:57 | Build | House |
| 10:07 | Create | Villager (Male) |
| 10:10 | Build | Farm |
| 10:13 | Create | Scout Cavalry |
| 10:24 | Create | Villager (Male) |
| 10:27 | Build | Farm |
| 10:35 | Build | Palisade Wall |
| 10:37 | Build | Palisade Wall |
| 10:38 | Create | Villager (Male) |
| 10:49 | Build | Farm |
| 10:53 | Build | Palisade Wall |
| 11:03 | Create | Spearman |
| 11:09 | Build | Farm |
| 11:16 | Create | Villager (Male) |
| 11:38 | Create | Villager (Male) |
| 11:44 | Build | Farm |
| 11:47 | Build | Farm |
| 11:51 | Create | Villager (Male) |
| 11:57 | Build | Farm |
| 12:07 | Build | House |
| 12:26 | Build | Farm |
| 12:34 | Create | Villager (Male) |
| 12:47 | Create | Villager (Male) |
| 13:06 | Create | Villager (Male) |
| 13:10 | Build | Farm |
| 13:15 | Build | Mining Camp |
| 13:26 | Create | Villager (Male) |
| 13:32 | Create | Villager (Male) |
| 13:42 | Create | Villager (Male) |
| 13:47 | Create | Villager (Male) |
| 13:54 | Create | Villager (Male) |
| 13:59 | Build | Farm |
| 14:07 | Create | Villager (Male) |
| 14:14 | Build | Farm |
| 14:33 | Build | Blacksmith |
| 15:12 | Build | Palisade Wall |
| 15:14 | Build | Palisade Wall |
| 15:20 | Build | House |
| 15:24 | Build | Palisade Gate |
| 15:35 | Create | Villager (Male) |
| 15:49 | Research | Castle Age |
| 15:49 | Research | Castle Age |
| 16:05 | Build | Lumber Camp |
| 16:08 | Build | Archery Range |
| 16:22 | Research | Horse Collar |
| 16:23 | Create | Villager (Male) |
| 16:26 | Build | House |
| 16:29 | Build | Palisade Wall |
| 16:49 | Research | Fletching |
| 17:41 | Research | Bloodlines |
| 17:48 | Build | Archery Range |
| 18:18 | Build | Archery Range |
| 18:29 | Age | Castle Age |
| 18:35 | Create | Cavalry Archer |
| 18:35 | Create | Cavalry Archer |
| 18:37 | Research | Bodkin Arrow |
| 18:37 | Research | Bow Saw |
| 18:38 | Create | Villager (Male) |
| 18:48 | Create | Cavalry Archer |
| 18:50 | Research | Gold Mining |
| 18:50 | Research | Gold Mining |
| 18:58 | Create | Villager (Male) |
| 19:14 | Create | Cavalry Archer |
| 19:14 | Create | Cavalry Archer |
| 19:15 | Create | Villager (Male) |
| 19:26 | Create | Villager (Male) |
| 19:30 | Create | Cavalry Archer |
| 19:30 | Create | Cavalry Archer |
| 19:38 | Create | Villager (Male) |
| 20:03 | Create | Cavalry Archer |
| 20:03 | Create | Cavalry Archer |
| 20:03 | Create | Cavalry Archer |
| 20:05 | Create | Villager (Male) |
| 20:17 | Create | Cavalry Archer |
| 20:17 | Create | Cavalry Archer |
| 20:18 | Create | Villager (Male) |
| 20:22 | Create | Villager (Male) |
| 20:41 | Create | Cavalry Archer |
| 20:41 | Create | Cavalry Archer |
| 20:42 | Create | Villager (Male) |
| 20:57 | Create | Villager (Male) |
| 20:59 | Create | Cavalry Archer |
| 20:59 | Create | Cavalry Archer |
| 21:03 | Build | House |
| 21:04 | Build | House |
| 21:07 | Create | Villager (Male) |
| 21:43 | Build | Town Center |
| 21:50 | Create | Villager (Male) |
| 21:52 | Create | Cavalry Archer |
| 21:53 | Create | Cavalry Archer |
| 22:06 | Create | Villager (Male) |
| 22:23 | Create | Villager (Male) |
| 22:29 | Create | Cavalry Archer |
| 22:29 | Create | Cavalry Archer |
| 22:29 | Create | Cavalry Archer |
| 22:31 | Create | Villager (Male) |
| 22:40 | Create | Villager (Male) |
| 22:54 | Create | Villager (Male) |
| 23:23 | Build | Town Center |
| 23:24 | Create | Villager (Male) |
| 23:33 | Build | Farm |
| 23:35 | Create | Villager (Male) |
| 23:35 | Create | Villager (Male) |
| 23:36 | Create | Villager (Male) |
| 23:39 | Create | Villager (Male) |
| 23:50 | Create | Villager (Male) |
| 23:52 | Create | Cavalry Archer |
| 23:52 | Create | Cavalry Archer |
Build order — davis837
First 150 of 357 actions detected
| 0:01 | Create | Villager (Male) |
| 0:01 | Create | Villager (Male) |
| 0:02 | Build | House |
| 0:02 | Build | House |
| 0:04 | Create | Villager (Male) |
| 0:04 | Create | Villager (Male) |
| 1:27 | Create | Villager (Male) |
| 1:27 | Create | Villager (Male) |
| 1:27 | Create | Villager (Male) |
| 1:58 | Create | Villager (Male) |
| 1:59 | Create | Villager (Male) |
| 2:17 | Create | Villager (Male) |
| 2:17 | Create | Villager (Male) |
| 2:18 | Create | Villager (Male) |
| 2:36 | Create | Villager (Male) |
| 3:10 | Create | Villager (Male) |
| 3:10 | Create | Villager (Male) |
| 3:31 | Build | House |
| 3:32 | Build | House |
| 3:47 | Create | Villager (Male) |
| 4:01 | Build | Mill |
| 4:09 | Create | Villager (Male) |
| 4:09 | Create | Villager (Male) |
| 4:44 | Create | Villager (Male) |
| 4:57 | Create | Villager (Male) |
| 4:57 | Create | Villager (Male) |
| 4:58 | Create | Villager (Male) |
| 4:58 | Create | Villager (Male) |
| 5:58 | Build | Lumber Camp |
| 6:09 | Create | Villager (Male) |
| 6:09 | Create | Villager (Male) |
| 6:11 | Research | Loom |
| 6:58 | Research | Feudal Age |
| 6:58 | Research | Feudal Age |
| 7:52 | Build | Mill |
| 8:01 | Build | Palisade Wall |
| 8:03 | Build | Palisade Wall |
| 8:18 | Build | House |
| 8:20 | Build | Palisade Wall |
| 8:25 | Build | Palisade Wall |
| 8:44 | Create | Villager (Male) |
| 8:44 | Create | Villager (Male) |
| 9:16 | Age | Feudal Age |
| 9:23 | Build | Barracks |
| 9:30 | Create | Villager (Male) |
| 9:38 | Research | Double-Bit Axe |
| 9:58 | Create | Spearman |
| 9:58 | Create | Spearman |
| 10:00 | Create | Villager (Male) |
| 10:10 | Create | Villager (Male) |
| 10:12 | Create | Spearman |
| 10:17 | Build | House |
| 10:19 | Build | Palisade Wall |
| 10:36 | Research | Horse Collar |
| 10:37 | Research | Horse Collar |
| 10:37 | Research | Horse Collar |
| 10:37 | Research | Horse Collar |
| 10:39 | Create | Villager (Male) |
| 10:52 | Build | Palisade Wall |
| 11:01 | Build | House |
| 11:05 | Create | Villager (Male) |
| 11:11 | Create | Villager (Male) |
| 11:13 | Build | Farm |
| 11:14 | Build | Farm |
| 11:36 | Create | Villager (Male) |
| 11:39 | Create | Villager (Male) |
| 11:39 | Create | Villager (Male) |
| 11:40 | Create | Villager (Male) |
| 11:44 | Build | Farm |
| 11:52 | Create | Villager (Male) |
| 11:57 | Build | House |
| 11:58 | Build | Palisade Wall |
| 12:03 | Create | Villager (Male) |
| 12:11 | Create | Villager (Male) |
| 12:19 | Create | Villager (Male) |
| 12:33 | Build | Mining Camp |
| 12:45 | Build | Farm |
| 12:50 | Build | Palisade Wall |
| 12:55 | Build | Palisade Wall |
| 12:57 | Build | Palisade Wall |
| 13:04 | Create | Spearman |
| 13:15 | Create | Villager (Male) |
| 13:18 | Build | Palisade Wall |
| 13:19 | Build | Palisade Wall |
| 13:32 | Create | Villager (Male) |
| 13:36 | Build | Farm |
| 13:37 | Build | Farm |
| 13:43 | Build | Farm |
| 13:46 | Build | Palisade Wall |
| 14:02 | Create | Villager (Male) |
| 14:03 | Build | Farm |
| 14:11 | Create | Villager (Male) |
| 14:12 | Create | Villager (Male) |
| 14:15 | Build | Palisade Wall |
| 14:16 | Build | Palisade Wall |
| 14:18 | Create | Villager (Male) |
| 14:21 | Create | Villager (Male) |
| 14:21 | Create | Villager (Male) |
| 14:22 | Create | Villager (Male) |
| 14:31 | Build | Farm |
| 14:43 | Build | House |
| 14:51 | Create | Villager (Male) |
| 15:16 | Build | Palisade Wall |
| 15:30 | Build | Market |
| 16:04 | Build | Blacksmith |
| 16:37 | Research | Castle Age |
| 16:37 | Research | Castle Age |
| 16:45 | Build | Lumber Camp |
| 17:05 | Research | Gold Mining |
| 17:05 | Research | Gold Mining |
| 17:05 | Research | Gold Mining |
| 17:15 | Build | House |
| 17:21 | Build | Palisade Wall |
| 17:25 | Build | Palisade Gate |
| 17:52 | Build | Palisade Wall |
| 17:54 | Build | Palisade Wall |
| 18:00 | Create | Villager (Male) |
| 19:17 | Age | Castle Age |
| 19:21 | Build | Town Center |
| 19:27 | Build | Town Center |
| 19:29 | Create | Villager (Male) |
| 19:31 | Build | Monastery |
| 19:33 | Research | Bow Saw |
| 19:36 | Research | Wheelbarrow |
| 19:36 | Research | Town Watch |
| 19:36 | Research | Town Watch |
| 19:37 | Create | Villager (Male) |
| 19:50 | Build | Lumber Camp |
| 19:54 | Research | Bow Saw |
| 19:55 | Research | Bow Saw |
| 19:59 | Create | Villager (Male) |
| 20:09 | Build | Siege Workshop |
| 20:14 | Create | Monk |
| 20:21 | Build | House |
| 20:22 | Build | House |
| 20:24 | Build | House |
| 20:29 | Create | Villager (Male) |
| 20:29 | Create | Villager (Male) |
| 20:29 | Create | Villager (Male) |
| 20:35 | Create | Villager (Male) |
| 20:35 | Create | Villager (Male) |
| 20:35 | Create | Villager (Male) |
| 20:42 | Create | Monk |
| 20:43 | Create | Scorpion |
| 20:44 | Create | Scorpion |
| 20:44 | Create | Scorpion |
| 20:44 | Create | Scorpion |
| 20:59 | Create | Villager (Male) |
| 21:01 | Create | Villager (Male) |
| 21:05 | Create | Monk |
Match timeline
| 7:08 | Endlessz · wall_segment Palisade Wall x1 |
| 7:09 | Endlessz · wall_segment Palisade Wall x1 |
| 7:10 | Endlessz · wall_segment Palisade Wall x1 |
| 7:38 | Endlessz · first_building Barracks |
| 8:01 | davis837 · wall_segment Palisade Wall x4 |
| 8:03 | davis837 · wall_segment Palisade Wall x9 |
| 8:20 | davis837 · wall_segment Palisade Wall x5 |
| 8:21 | Endlessz · wall_segment Palisade Wall x1 |
| 8:25 | davis837 · wall_segment Palisade Wall x1 |
| 8:33 | Endlessz · wall_segment Palisade Wall x3 |
| 8:53 | Endlessz · age_up feudal |
| 8:56 | Endlessz · first_building Stable |
| 9:16 | davis837 · age_up feudal |
| 9:23 | davis837 · first_building Barracks |
| 10:19 | davis837 · wall_segment Palisade Wall x6 |
| 10:35 | Endlessz · wall_segment Palisade Wall x14 |
| 10:37 | Endlessz · wall_segment Palisade Wall x3 |
| 10:52 | davis837 · wall_segment Palisade Wall x4 |
| 10:53 | Endlessz · wall_segment Palisade Wall x8 |
| 11:58 | davis837 · wall_segment Palisade Wall x8 |
| 12:50 | davis837 · wall_segment Palisade Wall x7 |
| 12:55 | davis837 · wall_segment Palisade Wall x1 |
| 12:57 | davis837 · wall_segment Palisade Wall x1 |
| 13:18 | davis837 · wall_segment Palisade Wall x1 |
| 13:19 | davis837 · wall_segment Palisade Wall x1 |
| 13:46 | davis837 · wall_segment Palisade Wall x1 |
| 14:15 | davis837 · wall_segment Palisade Wall x9 |
| 14:16 | davis837 · wall_segment Palisade Wall x4 |
| 15:12 | Endlessz · wall_segment Palisade Wall x1 |
| 15:14 | Endlessz · wall_segment Palisade Wall x1 |
| 15:16 | davis837 · wall_segment Palisade Wall x1 |
| 16:08 | Endlessz · first_building Archery Range |
| 16:29 | Endlessz · wall_segment Palisade Wall x1 |
| 17:21 | davis837 · wall_segment Palisade Wall x4 |
| 17:52 | davis837 · wall_segment Palisade Wall x4 |
| 17:54 | davis837 · wall_segment Palisade Wall x5 |
| 18:29 | Endlessz · age_up castle |
| 19:17 | davis837 · age_up castle |
| 19:31 | davis837 · first_building Monastery |
| 20:09 | davis837 · first_building Siege Workshop |
| 25:26 | davis837 · first_market_buy 100 stone |
| 29:00 | davis837 · first_building Castle |
| 30:40 | davis837 · first_market_sell 100 wood |
| 30:52 | Endlessz · first_building Monastery |
| 31:35 | davis837 · first_building Stable |
| 32:18 | Endlessz · first_market_buy 100 stone |
| 32:27 | Endlessz · first_building Castle |
| 33:02 | Endlessz · resign |
[ AI ANALYSIS · 1 CREDIT ]
What really happened in this match?
Wolo.gg analyzes every decision: build order, eco, micro, common mistakes by bracket. Personalized analysis on WhatsApp or Discord in 30 seconds.
Civ guide
Chinese
Perfil
Jugador #9963126